 Dungeon Crawl Stone Soup version 0.21.0-3-g78d12a8 (webtiles) character file.

184 HungrySpirit the Chopper (level 5, -4/33 HPs)
             Began as a Gargoyle Wanderer on Jan 10, 2018.
             Killed by divine providence
             ... invoked by an orc priest
              (12 damage)
             ... on level 3 of the Dungeon.
             The game lasted 00:05:34 (2465 turns).

HungrySpirit the Chopper (Gargoyle Wanderer)        Turns: 2465, Time: 00:05:35

Health: -4/33      AC: 12    Str: 16    XL:     5   Next: 64%
Magic:  6/6        EV: 14    Int: 11    God:
Gold:   73         SH:  0    Dex: 16    Spells: 6/6 levels left

rFire    . . .     SeeInvis .   b - +0 hand axe
rCold    . . .     Gourm    .   (no shield)
rNeg     + . .     Faith    .   a - +2 scale mail
rPois    ∞         Spirit   .   (no helmet)
rElec    +         Reflect  .   (no cloak)
rCorr    .         Harm     .   (no gloves)
MR       .....                  (no boots)
Stlth    +.........             (no amulet)
HPRegen  0.11/turn              (no ring)
MPRegen  0.10/turn              (no ring)

@: agile
A: negative energy resistance 1, electricity resistance, unbreathing,
petrification resistance, rot immunity, AC +4
a: no special abilities


You were on level 3 of the Dungeon.
You were not hungry.

You visited 1 branch of the dungeon, and saw 3 of its levels.

You collected 73 gold pieces.

Inventory:

Hand Weapons
 b - a +0 hand axe (weapon)
 c - a +0 spear
Armour
 a - a +2 scale mail (worn)
Jewellery
 o - an uncursed ring of stealth {unknown}
Scrolls
 f - 2 scrolls of remove curse {unknown}
 j - a scroll of random uselessness {unknown}
 n - 2 scrolls of teleportation {unknown}
 p - 3 scrolls of identify {unknown}
 q - a scroll of magic mapping {unknown}
Potions
 e - a potion of haste {unknown}
 g - a potion of curing {unknown}
 h - 2 potions of agility
 i - 2 potions of lignification {unknown}
 l - 2 potions of berserk rage {unknown}
 m - a potion of invisibility {unknown}
Comestibles
 d - 3 rations


   Skills:
 - Level 4.0 Fighting
 * Level 4.3 Axes
 - Level 1.0 Throwing
 - Level 2.1 Armour
 - Level 1.0 Spellcasting
   Level 1.0 Necromancy
   Level 1.0 Translocations
   Level 1.0 Evocations


You had 6 spell levels left.
You didn't know any spells.

Dungeon Overview and Level Annotations

Branches:
Dungeon (3/15)

Altars:
Elyvilon
Vehumet

Annotations:
D:3 Daviar's ghost, amateur TrFi


Innate Abilities, Weirdness & Mutations

You are resistant to torment.
Your stone body is resilient. (AC +4)
You are immune to poison.
You resist negative energy. (rN+)
You are resistant to electric shocks. (rElec)
You can survive without breathing.
You are immune to petrification.
You are immune to rotting.


Message History

The orc priest is severely wounded.
The orc priest looks satisfied for a moment.
You hit the orc priest but do no damage.
The orc priest is severely wounded.
You closely miss the crimson imp. The orc priest barely misses you.
The crimson imp barely misses you.
The orc priest begins to cast a cantrip, but forgets the words!
Unknown command.
You barely miss the orc priest.
The orc priest is severely wounded.
You hit the crimson imp but do no damage.
The crimson imp hits you but does no damage.
The orc priest barely misses you.
Unknown command.
You hit the orc priest.
The orc priest is almost dead.
You hit the crimson imp. The crimson imp closely misses you.
The orc priest invokes the aid of Beogh against you.
Beogh smites you!
You die...

..............# #..#..# #...#
..≈≈≈≈≈.≈≈≈≈..# #.###.# #.#.#
..≈≈≈≈≈.≈≈≈≈..###..#..#######...#
#.≈≈≈≈≈.≈≈≈≈..##.#...............
#.≈≈≈≈≈.≈≈≈≈..###.#.#########.###
(.......≈≈≈≈...##.#.# #.#
#.≈≈≈≈........#.#.#.# #.#
#.≈≈≈≈.≈≈≈≈≈...o)...# #.#
.≈≈≈≈.≈≈≈≈≈..#5@.(.##### #.# #
#.≈≈≈≈.≈≈≈≈≈............# #.# #
#.≈≈≈≈.≈≈≈≈≈..#.....###.#####.# #
..............#.....# #.......#
..#.###.##.##.####.## #########
### #. #.# ## ##.## ... ##...##
.## ##.....##


You could see an orc priest and a crimson imp.

Vanquished Creatures
  An orc priest (D:3)
  2 orc wizards
  An adder (D:2)
  2 dart slugs
  2 leopard geckos (D:1)
  11 orcs
  2 ball pythons
  6 bats
  3 giant cockroaches (D:2)
  9 goblins
  4 hobgoblins
  11 jackals
  4 kobolds
  A quokka (D:3)
  4 frilled lizards
  11 rats
74 creatures vanquished.

Vanquished Creatures (others)
  A giant cockroach (D:3)
1 creature vanquished.

Grand Total: 75 creatures vanquished

Notes
Turn   | Place    | Note
-------+----------+-------------------------------------------
     0 | D:1      | HungrySpirit the Gargoyle Wanderer began the quest for the Orb.
     0 | D:1      | HungrySpirit set off with: a +2 scale mail, a +0 hand axe, a +0 spear, a ration
     0 | D:1      | Reached XP level 1. HP: 14/14 MP: 2/2
   164 | D:1      | Reached skill level 1 in Axes
   197 | D:1      | Reached XP level 2. HP: 19/19 MP: 3/3
   447 | D:1      | Reached XP level 3. HP: 24/24 MP: 4/4
  1097 | D:2      | Reached XP level 4. HP: 24/29 MP: 5/5
  1634 | D:3      | Found a radiant altar of Vehumet.
  1816 | D:2      | Reached XP level 5. HP: 20/33 MP: 6/6
  2143 | D:3      | Found a white marble altar of Elyvilon.
  2246 | D:3      | Noticed Daviar's ghost (amateur TrFi)
  2465 | D:3      | Killed from afar by an orc priest

Skill      XL: |  1  2  3  4  5 |
---------------+----------------+-----
Axes           | 1 2 3 4 |  4.3
Fighting       | 4 |  4.0
Throwing       | |  1.0
Armour         | |  2.1
Spellcasting   | |  1.0
Necromancy     | |  1.0
Translocations | |  1.0
Evocations     | |  1.0

Action                   |  1- 3 |  4- 6 || total
-------------------------+-------+-------++-------
Melee: Hand axe          |   145 |   183 ||   328
  Use: Potion            |       |     1 ||     1
  Eat: Chunk             |     1 |     5 ||     6
Armor: Scale mail        |   114 |   148 ||   262
Dodge: Dodged            |   100 |    96 ||   196
